 Dungeon Crawl Stone Soup version 0.30-a0-279-g4b46babb21 (webtiles) character file.

Game seed: 8814759791163712044

2346548 Lobster4 the Conqueror (level 27, 245/245 HPs)
             Began as a Minotaur Hunter on Oct 15, 2022.
             Was the Champion of Qazlal.
             Escaped with the Orb
             ... and 4 runes on Oct 16, 2022!
             The game lasted 05:07:22 (69902 turns).

Lobster4 the Conqueror (Minotaur Hunter)           Turns: 69902, Time: 05:07:22

Health: 245/245    AC: 39    Str: 25    XL:     27
Magic:  34/34      EV: 30    Int: 15    God:    Qazlal [******]
Gold:   9255       SH:  8    Dex: 37    Spells: 38/42 levels left

rFire   + . .      SeeInvis +    a - +10 longbow of Conscience {vorpal, rN++ Str+4 Dex+5}
rCold   + . .      Faith    .    (shield currently unavailable)
rNeg    + + +      Spirit   .    V - +6 shadow dragon scales of the Shore {rElec rPois Str+3 Int+2 Stlth++++}
rPois   +          Reflect  .    s - +0 mask of the Dragon {Will+ Slay+3 SInv}
rElec   +          Harm     .    k - scarf {rC+ rF+}
rCorr   +          Rampage  .    q - +3 pair of gauntlets of War {Slay+5}
Will    +++++                    B - +2 pair of boots "Hirchoi" {Will++ Regen+ Int+2}
Stlth   +.........               m - amulet of Finality {Acrobat rN+ Dex+4 Stlth-}
HPRegen 1.40/turn                K - ring of Otaoxiebb {Will+ Dex+2}
MPRegen 0.24/turn                f - ring of Niatyefe {rCorr Int+5}

@: studying Summonings, repel missiles
A: horns 2, retaliatory headbutt, frail 1, sense surroundings 1, no potion heal
1, inability to read after injury 1
0: Orb of Zot
}: 4/15 runes: decaying, slimy, silver, gossamer
a: Renounce Religion, Upheaval, Elemental Force, Disaster Area


You escaped.
You worshipped Qazlal.
Qazlal was exalted by your worship.
You visited 13 branches of the dungeon, and saw 57 of its levels.
You visited the Abyss 2 times.
You also visited: Trove, Bailey and Ice Cave.

You collected 10097 gold pieces.
You spent 842 gold pieces at shops.

Inventory:

Hand Weapons
 a - the +10 longbow of Conscience (weapon) {vorpal, rN++ Str+4 Dex+5}
   (You took it off a deep elf archer on level 3 of the Elven Halls)

   Any ammunition fired from it inflicts extra damage upon your enemies.
   Str:       It affects your strength (+4).
   Dex:       It affects your dexterity (+5).
   rN:        It greatly protects you from negative energy.
 b - the +7 Singing Sword {vorpal, sonic wave}
   (You found it on level 6 of the Dungeon)

   It inflicts extra damage upon your enemies.
   It radiates damaging sonic waves as it strikes, especially in combat
   involving dangerous or numerous foes.
 W - the +8 storm bow {elec, penet}
   (You found it on level 5 of the Vaults)

   Any ammunition fired from it occasionally discharges a powerful burst of
   electricity upon striking a foe.
   Any ammunition fired by it passes through the targets it hits, potentially
   hitting all targets in its path until it reaches maximum range.
Armour
 e - the +2 hood of the Assassin {Detection Stab+ Stlth++}
   (You found it on level 5 of the Vaults)

   It allows the wearer to sense nearby creatures.
   It allows the wearer to make particularly effective stabbing attacks against
   helpless or unaware enemies with any weapon.
   Stlth:     It makes you much more stealthy.
 k - a scarf of resistance (worn)
 q - the +3 pair of gauntlets of War (worn) {Slay+5}
   (You acquired it on level 2 of the Orcish Mines)

   Slay:      It affects your accuracy & damage with ranged weapons and melee
   (+5).
 s - the +0 mask of the Dragon (worn) {Will+ Slay+3 SInv}
   (You acquired it on level 4 of the Vaults)

   Slay:      It affects your accuracy & damage with ranged weapons and melee
   (+3).
   SInv:      It lets you see invisible.
   Will:      It increases your willpower.
 B - the +2 pair of boots "Hirchoi" (worn) {Will++ Regen+ Int+2}
   (You acquired it on level 4 of the Realm of Zot)

   Int:       It affects your intelligence (+2).
   Regen:     It increases your rate of health regeneration.
   Will:      It greatly increases your willpower.
 V - the +6 shadow dragon scales of the Shore (worn) {rElec rPois Str+3 Int+2 Stlth++++}
   (You took it off a deep elf blademaster on level 2 of the Elven Halls)

   Str:       It affects your strength (+3).
   Int:       It affects your intelligence (+2).
   rElec:     It insulates you from electricity.
   rPois:     It protects you from poison.
   Stlth:     It makes you much more stealthy.
Jewellery
 f - the ring of Niatyefe (right hand) {rCorr Int+5}
   (You found it on level 1 of the Depths)

   [ring of resist corrosion]

   Int:       It affects your intelligence (+5).
   rCorr:     It protects you from acid and corrosion.
 l - a +6 ring of dexterity
 m - the amulet of Finality (around neck) {Acrobat rN+ Dex+4 Stlth-}
   (You found it on level 1 of the Depths)

   [amulet of the acrobat]

   It increases your evasion while moving and waiting.
   Dex:       It affects your dexterity (+4).
   rN:        It protects you from negative energy.
   Stlth:     It makes you less stealthy.
 u - a ring of willpower
 x - a ring of flight
 z - the amulet "Qaitu" {rElec rN+ Regen+}
   (You acquired it on level 2 of the Orcish Mines)

   [amulet of regeneration]

   rElec:     It insulates you from electricity.
   rN:        It protects you from negative energy.
   Regen:     It increases your rate of health regeneration.
 K - the ring of Otaoxiebb (left hand) {Will+ Dex+2}
   (You acquired it on level 1 of the Tomb of the Ancients)

   [ring of willpower]

   Dex:       It affects your dexterity (+2).
   Will:      It increases your willpower.
 P - a ring of protection from cold
 Q - the amulet of Peutzasy {Spirit rC+}
   (You found it on level 3 of the Crypt)

   [amulet of guardian spirit]

   It causes incoming damage to be divided between your reserves of health and
   magic.
   rC:        It protects you from cold.
 Y - a ring of protection from fire
Wands
 h - a wand of digging (3)
 o - a wand of mindburst (77)
 p - a wand of light (34)
 D - a wand of roots (23)
 F - a wand of paralysis (39)
Scrolls
 d - 11 scrolls of immolation
 g - a scroll of blinking
 i - 11 scrolls of enchant armour
 j - 5 scrolls of enchant weapon
 r - a scroll of magic mapping
 w - 14 scrolls of teleportation
 y - a scroll of silence
 G - 8 scrolls of butterflies
 J - 11 scrolls of fear
 X - 7 scrolls of poison
 Z - 4 scrolls of summoning
Potions
 c - 2 potions of invisibility
 t - 13 potions of heal wounds
 A - 10 potions of magic
 E - 31 potions of curing
 H - 13 potions of ambrosia
 L - 10 potions of might
 M - 14 potions of haste
 N - a potion of berserk rage
 O - 12 potions of lignification
 S - 4 potions of mutation
 T - 3 potions of cancellation
 U - 6 potions of resistance
Miscellaneous
 n - a box of beasts
 v - a tin of tremorstones (2/2)
 C - a phantom mirror
 I - a lightning rod (4/4)
 R - a condenser vane


   Skills:
 O Level 27 Fighting
 - Level 3.0(13.9) Short Blades
 + Level 22.2(22.3) Long Blades
 - Level 1.0 Axes
 O Level 27 Ranged Weapons
 - Level 1.0 Throwing
 O Level 27 Armour
 + Level 17.9 Dodging
 - Level 0.7 Stealth
 - Level 8.0 Spellcasting
 + Level 10.7 Transmutations
 - Level 4.0 Earth Magic
 - Level 12.0 Invocations
 - Level 7.0 Evocations


You had 38 spell levels left.
You knew the following spells:

 Your Spells              Type           Power      Damage    Failure   Level
a - Wereblood             Tmut           38%        N/A       1%          2
b - Passwall              Tmut/Erth      23%        N/A       1%          2

Your spell library contained the following spells:

 Spells                   Type           Power      Damage    Failure   Level
 Beastly Appendage        Tmut           76%        N/A       1%          1
 Sting                    Tmut/Pois      88%        1d7       3%          1
 Spider Form              Tmut/Pois      22%        N/A       9%          3
 Blade Hands              Tmut           19%        N/A       10%         5
 Ignite Poison            Fire/Tmut/Pois 16%        N/A       19%         3
 Apportation              Tloc           12%        N/A       26%         1
 Foxfire                  Conj/Fire      24%        2x1d5     26%         1
 Magic Dart               Conj           24%        1d4       26%         1
 Necrotise                Necr           24%        1d5       26%         1
 Summon Small Mammal      Summ           24%        N/A       26%         1
 Ice Form                 Ice/Tmut       22%        N/A       30%         4
 Stone Arrow              Conj/Erth      24%        3d8       34%         3
 Call Imp                 Summ           6%         N/A       38%         2
 Cigotuvi's Dreadful Rot  Necr/Pois/Air  12%        N/A       38%         2
 Ensorcelled Hibernation  Hex/Ice        12%        N/A       38%         2
 Poisonous Vapours        Pois/Air       12%        N/A       38%         2
 Scorch                   Fire           12%        2d5       38%         2
 Searing Ray              Conj           12%        2d4       38%         2
 Sublimation of Blood     Necr           6%         N/A       38%         2
 Call Canine Familiar     Summ           6%         N/A       63%         3
 Dazzling Flash           Conj/Hex       12%        N/A       63%         3
 Frozen Ramparts          Ice            12%        1d2       63%         3
 Gell's Gravitas          Tloc           6%         N/A       63%         3
 Inner Flame              Hex/Fire       6%         N/A       63%         3
 Lesser Beckoning         Tloc           12%        N/A       63%         3
 Mephitic Cloud           Conj/Pois/Air  6%         N/A       63%         3
 Ozocubu's Armour         Ice            6%         N/A       63%         3
 Portal Projectile        Hex/Tloc       12%        N/A       63%         3
 Summon Guardian Golem    Hex/Summ       6%         N/A       63%         3
 Swiftness                Air            6%         N/A       63%         3
 Teleport Other           Tloc           6%         N/A       63%         3
 Vampiric Draining        Necr           6%         2d6       63%         3
 Alistair's Intoxication  Tmut/Pois      14%        N/A       63%         5
 Irradiate                Conj/Tmut      11%        3d15      63%         5
 Yara's Violent Unravell  Hex/Tmut       11%        3d6       63%         5
 Animate Armour           Summ/Erth      24%        N/A       75%         4
 Leda's Liquefaction      Hex/Erth       6%         N/A       75%         4
 Lee's Rapid Deconstruct  Erth           9%         3d8*      82%         5
 Statue Form              Tmut/Erth      18%        N/A       90%         6
 Airstrike                Air            3%         2d(1-17)  95%         4
 Anguish                  Hex/Necr       3%         N/A       95%         4
 Cause Fear               Hex            3%         N/A       95%         4
 Dispel Undead            Necr           6%         3d8       95%         4
 Flame Wave               Conj/Fire      6%         2d5       95%         4
 Fulminant Prism          Conj/Hex       3%         3d6       95%         4
 Iskenderun's Mystic Bla  Conj/Tloc      6%         2d4       95%         4
 Olgreb's Toxic Radiance  Pois           6%         N/A       95%         4
 Sticky Flame             Conj/Fire      6%         2d3       95%         4
 Summon Ice Beast         Ice/Summ       6%         N/A       95%         4
 Summon Lightning Spire   Summ/Air       6%         N/A       95%         4
 Dragon Form              Tmut           19%        N/A       96%         7
 Borgnjor's Vile Clutch   Necr/Erth      6%         N/A       97%         5
 Eringya's Noxious Bog    Tmut/Pois      11%        N/A       99%         6
 Agony                    Necr           6%         N/A       100%        5
 Fireball                 Conj/Fire      3%         3d4       100%        5
 Iskenderun's Battlesphe  Conj           6%         2d6       100%        5
 Lightning Bolt           Conj/Air       3%         1d14      100%        5
 Metabolic Englaciation   Hex/Ice        3%         N/A       100%        5
 Silence                  Hex/Air        3%         N/A       100%        5
 Summon Forest            Summ/Tloc      3%         N/A       100%        5
 Summon Mana Viper        Hex/Summ       6%         N/A       100%        5
 Conjure Ball Lightning   Conj/Air       3%         3x3d6     100%        6
 Death Channel            Necr           3%         N/A       100%        6
 Dispersal                Tloc           3%         N/A       100%        6
 Iron Shot                Conj/Erth      6%         9d2       100%        6
 Simulacrum               Ice/Necr       3%         N/A       100%        6
 Starburst                Conj/Fire      3%         6d3       100%        6
 Summon Cactus Giant      Summ           3%         N/A       100%        6
 Enfeeble                 Hex            3%         N/A       100%        7
 Haunt                    Necr/Summ      3%         N/A       100%        7
 Monstrous Menagerie      Summ           3%         N/A       100%        7
 Orb of Destruction       Conj           3%         9d5       100%        7
 Ozocubu's Refrigeration  Ice            3%         4d8       100%        7
 Spellforged Servitor     Conj/Summ      3%         N/A       100%        7
 Storm Form               Tmut/Air       11%        N/A       100%        7
 Summon Hydra             Summ           3%         N/A       100%        7
 Borgnjor's Revivificati  Necr           3%         N/A       100%        8
 Discord                  Hex            3%         N/A       100%        8
 Lehudib's Crystal Spear  Conj/Erth      6%         10d3      100%        8
 Maxwell's Capacitive Co  Air            3%         ∞         100%        8
 Necromutation            Tmut/Necr      11%        N/A       100%        8
 Summon Horrible Things   Summ           3%         N/A       100%        8
 Death's Door             Necr           3%         N/A       100%        9
 Dragon's Call            Summ           3%         N/A       100%        9


Dungeon Overview and Level Annotations

Branches:
Dungeon (15/15)            Temple (1/1) D:6            Lair (5/5) D:11
  Swamp (4/4) Lair:2       Spider (4/4) Lair:2        Slime (5/5) Lair:4
    Orc (2/2) D:10            Elf (3/3) Orc:2        Vaults (5/5) D:14
  Crypt (3/3) Vaults:3       Tomb (1/3) Crypt:3      Depths (4/4) D:15
    Zot (5/5) Depths:4     Bailey (visited)           IceCv (visited)

Altars:
Ashenzari
Cheibriados
Dithmenos
Elyvilon
Fedhas
Gozag
Hepliaklqana
Kikubaaqudgha
Makhleb
Nemelex Xobeh
Okawaru
Qazlal
Ru
Sif Muna
Trog
Uskayaw
Vehumet
Wu Jian
Xom
Yredelemnul
Zin
The Shining One
Jiyva

Shops:
D:6 (   D:7 *   D:10 !   Orc:2 :(*[   Elf:2 *   Swamp:2 *   Depths:1 *
Depths:2 (

Portals:
Hell: Depths:1 Depths:2 Depths:3 Depths:4
Abyss: Depths:1 Depths:3
Pandemonium: Depths:2 Depths:4
Ziggurat: Depths:4


Innate Abilities, Weirdness & Mutations

You have a pair of horns on your head.
You reflexively headbutt those who attack you in melee.
You are frail. (-10% HP)
You passively map a small area around you.
Potions are less effective at restoring your health.
You occasionally lose the ability to read scrolls when taking damage.


Message History

You shoot an arrow. The arrow hits the hell beast!!!
The hell beast is severely wounded.
You shoot an arrow.
The arrow closely misses the hell beast.
You block the hell beast's attack. The hell beast tramples you!
You feel protected from physical attacks.
You stumble backwards!
You shoot an arrow. The arrow hits the hell beast!!
You kill the hell beast!
Qazlal accepts your kill.
No target in view!
Your protection from physical attacks is fading.
There is a stone staircase leading up here.
You climb upwards.
You feel less protected from physical attacks.
There is a stone staircase leading down here.
You see here a +0 short sword.
You see here a +0 ring mail.
There is a shaft here.
An Orb Guardian comes into view.
You shoot an arrow. The arrow hits the Orb Guardian!
The Orb Guardian is lightly wounded.
You shoot an arrow. The arrow misses the Orb Guardian.
You shoot an arrow.
The arrow hits the Orb Guardian but does no damage.
The Orb Guardian is lightly wounded.
You shoot an arrow. The arrow hits the Orb Guardian!!
The Orb Guardian is heavily wounded.
You shoot an arrow. The arrow hits the Orb Guardian!!
The Orb Guardian is severely wounded.
The Orb Guardian completely misses you. You furiously retaliate!
You headbutt the Orb Guardian! You shoot an arrow.
The arrow hits the Orb Guardian!!
You kill the Orb Guardian!
Qazlal accepts your kill.
An Orb Guardian comes into view.
The Orb Guardian moves out of view.
The Orb Guardian falls through a shaft!
The shaft crumbles and collapses.
There is a staircase leading out of the dungeon here.
You have escaped!

.#######.#.....#.#..#.##....#
.# #............#.##....#
.#### ##....########.##....#
....# #...## ##.###.##...##
##..## ##.### ##...##.##...#
#### .....# #..#
#.....#.##...# #...
#....###.## #...###.##...#
#... #.....##.#
##○§§.##.##...# #...
..##..#.## #..@...#.##...#
#... ..##..#.##
#.§°.#.#..'...# #...
..###..#.# ##...####.##...#
#... ..# #..#.#
##....####.########... ..#
##..## #..°.##.##........'...
..# #..#
#....#...##########...
.#####.## #......X## #...
.##..#..# ##.......## #...
.###...####.........#
###########


There were no monsters in sight!

Vanquished Creatures
  the Royal Jelly (Slime:5)
  4 dread liches
  An ancient lich (Zot:5)
  8 orbs of fire
  2 royal mummies (Tomb:1)
  Vv (Crypt:3)
  3 Killer Klowns (Zot:5)
  Saint Roka (Vaults:4)
  Xtahua (Crypt:3)
  5 curse toes
  The ghost of Hali the Executioner, a veteran FoFi of Dithmenos (Crypt:2)
  5 golden dragons
  Jory (Crypt:3)
  A profane servitor (Crypt:3)
  Arachne (Spider:2)
  2 bone dragons
  A spectral shard shrike (Crypt:3)
  A hellephant (Abyss:3)
  2 electric golems (Zot:5)
  Zenata (Elf:1)
  3 Ice Fiends
  3 deep elf blademasters (Elf:2)
  18 tentacled monstrosities
  7 liches
  A walking earthen tome (Depths:3)
  25 Orb Guardians
  8 titans
  2 deep elf master archers (Elf:3)
  Asterion (Elf:1)
  23 acid blobs
  4 quicksilver dragons
  8 sphinxes
  8 death cobs
  19 storm dragons
  6 ancient champions
  A tentacled starspawn (Abyss:3)
  7 shadow dragons
  2 revenants
  18 azure jellies
  5 draconian monks
  15 rockslimes
  11 tengu reavers
  Roxanne (Spider:3)
  6 deep elf sorcerers (Elf:3)
  Donald (Spider:3)
  5 fire giants
  5 frost giants
  4 fenstrider witches (Swamp:4)
  5 draconian knights
  2 balrugs
  4 emperor scorpions
  19 vault wardens
  2 iron dragons
  4 ghost moths
  A ghost moth (shapeshifter) (Vaults:2)
  A curse skull (Crypt:1)
  5 deep elf elementalists
  7 draconian scorchers
  5 orc warlords
  4 broodmothers (Spider:4)
  15 ironbound preservers
  6 draconian shifters
  Aizul (Swamp:1)
  7 ghouls
  2 draconian stormcallers
  A broodmother (shapeshifter) (Depths:2)
  3 war gargoyles
  17 very ugly things
  13 quicksilver oozes
  15 vampire knights
  14 stone giants
  9 draconian annihilators
  10 green draconians
  6 reapers
  12 ironbound thunderhulks
  11 black draconians
  A lorocyproca (Depths:2)
  3 eleionomae
  15 red draconians
  6 bunyips
  7 deep elf demonologists
  11 dire elephants
  8 deep elf annihilators
  Azrael (Orc:1)
  6 white draconians
  2 spark wasps (Depths:2)
  12 yellow draconians
  The ghost of exia the Severer, a journeyman HOFi of Okawaru (Lair:2)
  2 blizzard demons (Swamp:4)
  9 purple draconians
  A spark wasp (shapeshifter) (Depths:3)
  5 ettins
  A green death (Depths:2)
  10 deep elf death magi
  An eidolon (Crypt:2)
  6 fire dragons
  18 yaktaur captains
  3 deep elf high priests
  20 jiangshi
  Josephine (D:12)
  9 entropy weavers
  Erolcha (D:13)
  7 mummy priests (Tomb:1)
  2 shambling mangroves (Swamp:4)
  2 jorogumos (Spider:4)
  Harold (D:9)
  7 ice dragons
  6 spriggan air magi
  2 caustic shrike simulacra (IceCv)
  A hydra (shapeshifter) (Vaults:5)
  7 ogre magi
  6 great orbs of eyes
  A rakshasa (Depths:1)
  A fenstrider witch zombie (Crypt:2)
  Erica (D:8)
  A peacekeeper (Vaults:2)
  A ghost crab (Swamp:4)
  A merfolk avatar (Abyss:3)
  17 hydras
  5 ironbound frosthearts
  15 centaur warriors
  A catoblepas (D:13)
  2 hell beasts
  37 vault guards
  5 death knights
  9 boulder beetles
  5 alligators
  3 tengu warriors
  25 dancing weapons
  8 deep troll shamans
  16 two-headed ogres
  A satyr (shapeshifter) (Vaults:4)
  7 hell hogs
  A death scarab (Spider:4)
  8 deep troll earth magi
  6 vampire magi
  7 orc high priests
  5 sun demons
  2 spriggan berserkers
  Sonja (Lair:4)
  2 titan zombies
  22 deep elf knights
  A fire crab (shapeshifter) (D:15)
  4 shadow wraiths
  7 soul eaters
  3 sixfirhies
  9 hell knights
  6 iron trolls
  7 pharaoh ants (Spider:4)
  34 skeletal warriors
  3 wretched stars (Abyss:3)
  4 sun moths
  A spectral bunyip (Crypt:3)
  9 flayed ghosts
  A quicksilver dragon simulacrum (Depths:2)
  3 goliath frogs
  6 orb spiders
  A deep troll (shapeshifter) (Vaults:5)
  A glowing orange brain (shapeshifter) (Vaults:5)
  54 deep trolls
  5 starcursed masses (Abyss:3)
  A ghost moth zombie (Crypt:1)
  8 swamp dragons
  An obsidian statue (IceCv)
  6 spriggan druids
  11 spriggan simulacra
  16 ironbound convokers
  6 steelbarb worms
  An anaconda zombie (Tomb:1)
  An orange crystal statue (Depths:2)
  16 deep elf archers
  16 lindwurms
  A tengu zombie (Vaults:2)
  3 glowing orange brains
  A death drake (Swamp:4)
  A golden dragon skeleton (Crypt:2)
  A shadow dragon zombie (Tomb:1)
  5 necromancers
  11 wizards
  A harpy (Vaults:1)
  6 bog bodies
  12 phantasmal warriors
  5 large abominations
  9 orc knights
  29 ugly things
  32 deep elf pyromancers
  A harpy (shapeshifter) (D:14)
  22 deep elf zephyrmancers
  4 shining eyes
  23 wolf spiders
  2 cyclopes
  A mana viper (shapeshifter) (Vaults:2)
  8 will-o-the-wisps
  4 manticores
  9 orc sorcerers
  12 elephants
  3 worldbinders (Abyss:3)
  An iron dragon skeleton (Crypt:2)
  26 moths of wrath
  An ice statue (Lair:5)
  4 rust devils
  A salamander (D:15)
  Joseph (D:8)
  4 black mambas
  25 vault sentinels
  3 orange demons
  7 smoke demons
  A torpor snail (Spider:4)
  3 eyes of devastation
  12 cane toads
  2 unseen horrors
  30 yaktaurs
  2 hellions
  A yaktaur zombie (Vaults:2)
  Maggie (Lair:2)
  6 demonic crawlers
  2 rime drakes
  12 freezing wraiths
  5 tengu conjurers (Depths:3)
  16 ice devils (IceCv)
  5 komodo dragons
  4 hellwings
  6 guardian mummies (Tomb:1)
  2 red devils (Depths:4)
  3 ancient zymes
  A death yak skeleton (Crypt:2)
  An iron troll skeleton (Crypt:1)
  A harpy zombie (Crypt:3)
  35 tarantellas
  7 polar bears (Lair:5)
  5 trolls
  2 golden dragon simulacra (IceCv)
  3 meliai (Spider:2)
  A hornet (shapeshifter) (Vaults:5)
  2 raiju (Abyss:3)
  5 tyrant leeches
  Prince Ribbit (D:5)
  A blink frog (shapeshifter) (Elf:3)
  A hydra skeleton (Crypt:2)
  12 hornets
  12 blink frogs (Lair:2)
  111 slime creatures
  A guardian serpent skeleton (Crypt:2)
  An alligator zombie (Crypt:1)
  An ettin zombie (Crypt:2)
  7 dream sheep (Lair:5)
  56 flying skulls
  28 jumping spiders
  An ettin skeleton (Crypt:2)
  8 shadows
  3 air elementals
  27 culicivoras
  A fire dragon skeleton (Crypt:2)
  A vampire (D:9)
  2 wyverns
  4 water elementals
  20 spriggans
  15 wraiths
  2 dire elephant simulacra (IceCv)
  30 yaks
  5 ushabtiu (Tomb:1)
  10 fire elementals
  3 basilisks
  18 humans (D:14)
  3 golden eyes (Slime:5)
  6 steam dragons
  12 vampire mosquitoes
  71 redbacks
  6 chaos spawn
  6 neqoxecs
  8 minotaur simulacra (IceCv)
  A hydra simulacrum (IceCv)
  A naga (shapeshifter) (Vaults:5)
  2 harpy simulacra
  10 wargs
  2 spatial vortices (Abyss:3)
  16 swamp worms
  2 acid dragons
  9 water moccasins
  3 hell hounds (Orc:1)
  A water moccasin (shapeshifter) (Vaults:1)
  A floating eye (Slime:5)
  2 swamp drakes
  Duvessa (D:5)
  A deep troll skeleton (Crypt:1)
  50 orc warriors
  2 sky beasts (D:8)
  6 ice beasts
  5 black bears
  2 alligator simulacra (IceCv)
  10 ogres
  25 wolves
  9 boggarts
  7 small abominations
  15 centaurs
  A phantom (D:4)
  3 earth elementals
  A rime drake skeleton (Crypt:2)
  7 bullfrogs
  6 necrophages
  34 scorpions
  5 deep troll simulacra
  3 wights (D:4)
  A raiju zombie (Crypt:2)
  Dowan (D:5)
  9 killer bees
  An electric eel (D:13)
  A lindwurm simulacrum (IceCv)
  4 howler monkeys
  A centaur zombie (Crypt:1)
  2 hounds
  2 jellies (Lair:4)
  2 quasits (Abyss:3)
  24 orc priests
  A basilisk zombie (Crypt:1)
  2 gnoll boudas
  5 iguanas
  23 orc wizards
  A statue (D:7)
  6 mummies (Tomb:1)
  A howler monkey zombie (Crypt:1)
  14 gnolls
  A howler monkey skeleton (Crypt:1)
  12 adders
  6 white imps
  2 ufetubi
  3 worms (D:3)
  6 dart slugs
  94 orcs
  A bat zombie (Crypt:2)
  12 endoplasms
  2 giant cockroaches
  14 goblins
  10 hobgoblins
  2 jackals (D:5)
  11 kobolds
  4 quokkas
  5 ball pythons
  A ball python zombie (Crypt:1)
  7 bats
  An endoplasm zombie (Crypt:2)
  4 frilled lizards
  A quokka skeleton (Crypt:2)
  4 rats
  3 fire vortices (D:8)
2619 creatures vanquished.

Vanquished Creatures (collateral kills)
  A deep elf annihilator (Elf:3)
  A deep elf pyromancer (Elf:1)
  An ice beast (D:7)
3 creatures vanquished.

Vanquished Creatures (others)
  A pandemonium lord (D:8)
  An Orb Guardian (Zot:5)
  An ancient champion (Depths:2)
  A storm dragon (Zot:5)
  A deep elf sorcerer (Vaults:5)
  A yellow draconian (Zot:5)
  2 deep elf knights
  A steelbarb worm (Spider:4)
  3 hornets (Swamp:4)
  2 bloated husks
  A spriggan (Swamp:4)
  A water elemental (Elf:1)
  A chaos spawn (Swamp:4)
  A vampire mosquito (Swamp:1)
  An ogre (Vaults:5)
  A kobold brigand (D:7)
  3 kobolds (D:7)
  6 foxfires
  54 fungi
  85 plants
  4 starspawn tentacles
172 creatures vanquished.

Grand Total: 2794 creatures vanquished

Notes
Turn   | Place    | Note
-------+----------+-------------------------------------------
     0 | D:1      | Lobster4 the Minotaur Hunter began the quest for the Orb.
     0 | D:1      | Reached XP level 1. HP: 18/18 MP: 0/0
   169 | D:1      | Reached skill level 1 in Armour
   169 | D:1      | Reached XP level 2. HP: 25/25 MP: 1/1
   698 | D:1      | Reached XP level 3. HP: 31/31 MP: 2/2
  1309 | D:2      | Reached skill level 1 in Axes
  1582 | D:2      | Found a faded altar of an unknown god.
  1588 | D:2      | Reached skill level 5 in Ranged Weapons
  1593 | D:2      | Reached XP level 4. HP: 32/38 MP: 3/3
  2117 | D:3      | Found a hazy altar of Hepliaklqana.
  2289 | D:3      | Noticed a necrophage
  2335 | D:3      | Killed a necrophage
  2336 | D:3      | Reached skill level 1 in Short Blades
  2336 | D:3      | Reached XP level 5. HP: 46/46 MP: 4/4
  2690 | D:4      | Reached XP level 6. HP: 38/55 MP: 5/5
  2800 | D:4      | Reached skill level 5 in Fighting
  2852 | D:4      | Identified the +4 rapier of Impatience {freeze, +Blink
                  | Str+3}
  3002 | D:4      | Reached skill level 1 in Evocations
  3002 | D:4      | Reached XP level 7. HP: 61/61 MP: 6/6
  3324 | D:4      | Found a glowing golden altar of the Shining One.
  3326 | D:4      | Found a glowing silver altar of Zin.
  3327 | D:4      | Found a white marble altar of Elyvilon.
  3431 | D:5      | Entered Level 5 of the Dungeon
  3435 | D:5      | Noticed Duvessa
  3435 | D:5      | Noticed Dowan
  3552 | D:5      | Noticed Prince Ribbit
  3575 | D:5      | Killed Prince Ribbit
  3576 | D:5      | Reached skill level 5 in Armour
  3844 | D:5      | Killed Duvessa
  3845 | D:5      | Reached XP level 8. HP: 55/70 MP: 7/7
  3847 | D:5      | Killed Dowan
  4816 | D:6      | Found Difedgh's Antique Weapon Boutique.
  4821 | D:6      | Bought a runed shortbow for 150 gold pieces
  4887 | D:6      | Found a staircase to the Ecumenical Temple.
  4900 | Temple   | Entered the Ecumenical Temple
  4936 | Temple   | Became a worshipper of Qazlal Stormbringer
  5169 | D:6      | Reached skill level 1 in Long Blades
  5197 | D:6      | Found the +7 Singing Sword {vorpal, sonic wave}
  5800 | D:7      | Reached XP level 9. HP: 34/79 MP: 8/8
  6197 | D:7      | Reached * piety under Qazlal
  6876 | D:7      | Found Laul's Assorted Antiques.
  7004 | D:7      | Found a radiant altar of Vehumet.
  7084 | D:8      | Noticed Erica
  7134 | D:8      | Reached skill level 1 in Invocations
  7344 | D:8      | Found a flagged portal.
  7409 | Bailey   | Entered a bailey
  7559 | Bailey   | Reached ** piety under Qazlal
  7661 | Bailey   | Reached skill level 5 in Long Blades
  7722 | Bailey   | Reached XP level 10. HP: 86/90 MP: 10/10
  7732 | Bailey   | Reached skill level 5 in Evocations
  8264 | Bailey   | Reached skill level 10 in Ranged Weapons
  8264 | Bailey   | Reached skill level 10 in Armour
  8264 | Bailey   | Reached XP level 11. HP: 104/104 MP: 12/12
  8555 | D:8      | Killed Erica
  8637 | D:8      | Reached *** piety under Qazlal
  8816 | D:8      | Found a shimmering blue altar of Sif Muna.
  8936 | D:8      | Noticed Joseph
  8949 | D:8      | Killed Joseph
  9568 | D:9      | Found a shadowy altar of Dithmenos.
 10298 | D:9      | Noticed Harold
 10307 | D:9      | Killed Harold
 10320 | D:9      | Found an ancient bone altar of Kikubaaqudgha.
 10603 | D:10     | Entered Level 10 of the Dungeon
 10605 | D:10     | Found a blossoming altar of Fedhas.
 10607 | D:10     | Found a snail-covered altar of Cheibriados.
 10637 | D:10     | Found a sparkling altar of Nemelex Xobeh.
 10639 | D:10     | Found a bloodstained altar of Trog.
 10642 | D:10     | Found a burning altar of Makhleb.
 10828 | D:10     | Found a staircase to the Orcish Mines.
 10900 | D:10     | Reached XP level 12. HP: 115/115 MP: 12/14
 10920 | D:10     | Reached skill level 1 in Throwing
 10976 | D:10     | Found an opulent altar of Gozag.
 11037 | D:10     | Found Uthrikull's Distillery.
 11043 | D:10     | Bought a potion of degeneration for 10 gold pieces
 11046 | D:10     | Bought a potion of haste for 100 gold pieces
 11046 | D:10     | Bought a potion of flight for 30 gold pieces
 11054 | D:10     | Bought 2 potions of attraction for 60 gold pieces
 11300 | D:10     | Found a portal to a secret trove of treasure.
 11362 | D:11     | Noticed a two-headed ogre
 11464 | D:11     | Found a staircase to the Lair.
 11489 | D:11     | Noticed a two-headed ogre
 11496 | D:11     | Killed a two-headed ogre
 11508 | D:11     | Reached **** piety under Qazlal
 11578 | D:11     | Killed a two-headed ogre
 11644 | D:11     | Reached skill level 10 in Long Blades
 12010 | Orc:1    | Entered Level 1 of the Orcish Mines
 12016 | Orc:1    | Reached skill level 5 in Invocations
 12021 | Orc:1    | Paralysed by an orc sorcerer for 3 turns
 12161 | Orc:2    | Entered Level 2 of the Orcish Mines
 12171 | Orc:2    | Noticed an orc high priest
 12173 | Orc:2    | Noticed a two-headed ogre
 12174 | Orc:2    | Noticed an ogre mage
 12175 | Orc:2    | Noticed a two-headed ogre
 12175 | Orc:2    | Noticed an orc high priest
 12176 | Orc:2    | Noticed a two-headed ogre
 12357 | Orc:2    | Noticed Azrael
 12417 | Orc:2    | Noticed a two-headed ogre
 12417 | Orc:2    | Noticed an orc warlord
 12423 | Orc:1    | Reached skill level 15 in Fighting
 12494 | Orc:1    | Reached ***** piety under Qazlal
 12691 | Lair:1   | Entered Level 1 of the Lair of Beasts
 13068 | Lair:1   | Noticed a boulder beetle
 13102 | Lair:1   | Killed a boulder beetle
 13527 | Lair:2   | Reached XP level 13. HP: 128/128 MP: 15/15
 13533 | Lair:2   | Identified the +3 rapier of the Sage {elec, rElec rF+ rC+
                  | Dex-2}
 13595 | Lair:2   | Noticed Maggie
 13603 | Lair:2   | Killed Maggie
 13844 | Lair:2   | Found a hole to the Spider Nest.
 14159 | Lair:2   | Found a staircase to the Swamp.
 14263 | Lair:2   | Identified the +11 spear of Sewuec {vorpal, rF- Will++
                  | Dex+2 Stlth+}
 14266 | Lair:2   | Found a runed translucent door.
 14266 | Lair:2   | Noticed exia's ghost (journeyman HOFi)
 16064 | Lair:4   | Noticed Sonja
 16066 | Lair:4   | Killed Sonja
 16226 | Lair:4   | Found a runed translucent door.
 16226 | Lair:4   | Found a viscous altar of Jiyva.
 16226 | Lair:4   | Found a staircase to the Slime Pits.
 16451 | Lair:5   | Entered Level 5 of the Lair of Beasts
 16720 | Lair:5   | Reached XP level 14. HP: 102/140 MP: 12/18
 16818 | Lair:5   | Found the +1 robe of Vines {NoPotionHeal Regen++++}
 17217 | Lair:5   | Reached ****** piety under Qazlal
 17708 | Lair:5   | Identified the +3 morningstar of the Orb {vorpal, rElec
                  | Int+2}
 18235 | Lair:2   | Killed exia's ghost
 18762 | D:12     | Noticed Josephine
 18767 | D:12     | Killed Josephine
 19388 | D:13     | Noticed Erolcha
 19398 | D:13     | Killed Erolcha
 19586 | D:13     | Reached skill level 15 in Armour
 20329 | D:13     | Found a white marble altar of Elyvilon.
 20549 | Orc:1    | Killed an orc warlord
 20901 | Orc:2    | Reached XP level 15. HP: 105/152 MP: 14/19
 20909 | Orc:1    | Killed Azrael
 21080 | Orc:2    | Found Hele's Antique Armour Boutique.
 21120 | Orc:2    | Found a staircase to the Elven Halls.
 21527 | Orc:2    | Found Igetep's General Store.
 21540 | Orc:2    | Found Ifoyfratwu's Book Shoppe.
 21603 | Orc:2    | Found Custi's Antique Weapon Boutique.
 21746 | Orc:2    | Bought a warped chain mail for 275 gold pieces
 21746 | Orc:2    | Identified the +3 chain mail of Boredom {Contam Will+ Dex+5
                  | SInv} (You bought it in a shop on level 2 of the Orcish
                  | Mines)
 21751 | Orc:2    | Bought a pair of glowing gloves for 217 gold pieces
 21764 | Orc:2    | Identified 2 scrolls of acquirement
 21764 | Orc:2    | Acquired the +3 pair of gauntlets of War {Slay+5}
 21764 | Orc:2    | Found the +3 pair of gauntlets of War {Slay+5}
 21779 | Orc:2    | Acquired the amulet "Qaitu" {rElec rN+ Regen+}
 21831 | Orc:1    | Reached skill level 15 in Ranged Weapons
 22063 | Elf:1    | Entered Level 1 of the Elven Halls
 22324 | Elf:1    | Reached skill level 15 in Long Blades
 22339 | Elf:1    | Noticed Zenata
 22424 | Elf:1    | Killed Zenata
 22600 | Elf:1    | Noticed Asterion
 22994 | Elf:1    | Killed Asterion
 23201 | Elf:2    | Found Dur Odyocw's CLEARANCE SALE!.
 23302 | Elf:2    | Reached XP level 16. HP: 105/162 MP: 10/21
 23851 | Elf:2    | Found a huge runed translucent gate.
 23851 | Elf:2    | Found a huge runed translucent gate.
 23851 | Elf:2    | Found a huge runed translucent gate.
 23851 | Elf:2    | Found a huge runed translucent gate.
 23852 | Elf:2    | Found a huge runed translucent gate.
 24082 | Elf:3    | Entered Level 3 of the Elven Halls
 24928 | Elf:3    | Noticed a deep elf blademaster
 24940 | Elf:2    | Killed a deep elf blademaster
 25147 | Elf:3    | Noticed a Tzitzimitl
 25314 | Elf:3    | Paralysed by an air elemental for 1 turns
 25373 | Abyss:3  | Cast into level 3 of the Abyss (a deep elf sorcerer)
 25480 | Abyss:3  | Noticed a hellephant
 25543 | Abyss:3  | Reached skill level 10 in Invocations
 25563 | Elf:3    | Escaped the Abyss
 25734 | Abyss:3  | Cast into level 3 of the Abyss (a deep elf sorcerer)
 25775 | Abyss:3  | Noticed a tentacled starspawn
 25781 | Abyss:3  | Killed a tentacled starspawn
 25838 | Abyss:3  | Noticed a hellephant
 25859 | Abyss:3  | Killed a hellephant
 25919 | Elf:3    | Escaped the Abyss
 26125 | Elf:3    | Noticed a deep elf master archer
 26141 | Elf:3    | Killed a deep elf master archer
 26144 | Elf:3    | Reached XP level 17. HP: 141/170 MP: 19/23
 26149 | Elf:3    | Identified the +0 robe of Impermeability {Rampage}
 26151 | Elf:3    | Noticed a deep elf master archer
 26274 | Elf:3    | Killed a deep elf master archer
 26431 | Elf:3    | Identified the +6 shadow dragon scales of the Shore {rElec
                  | rPois Str+3 Int+2 Stlth++++}
 26431 | Elf:3    | Noticed a deep elf blademaster
 26447 | Elf:2    | Killed a deep elf blademaster
 26523 | Elf:3    | Noticed a Tzitzimitl
 26546 | Elf:3    | Identified the +10 longbow of Conscience {vorpal, rN++
                  | Str+4 Dex+5}
 26626 | Elf:3    | Identified the +1 spear of Nugac {flame, rC- rN+ Dex+3}
 26829 | Elf:3    | Identified the +5 mace "Poux" {flame, rElec rF+}
 26933 | Elf:3    | Noticed a Brimstone Fiend
 27015 | Elf:3    | Identified the +0 ring mail of Zin {Rampage rF+ MP+9}
 27172 | Elf:3    | Got the Precepts of the Snowflakes and Profane Rites
 27872 | D:14     | Found a gate to the Vaults.
 28491 | D:15     | Entered Level 15 of the Dungeon
 28922 | D:15     | Found a staircase to the Depths.
 29307 | Depths:1 | Entered Level 1 of the Depths
 29467 | Depths:1 | Reached XP level 18. HP: 163/178 MP: 24/24
 29691 | Depths:1 | Found a transporter.
 29697 | Depths:1 | Found a sacrificial altar of Ru.
 29732 | Depths:1 | Found Toezot's General Store.
 29775 | Depths:1 | Found a one-way gate to the infinite horrors of the Abyss.
 30043 | Depths:1 | Found a transporter.
 30094 | Depths:1 | Found a gateway to Hell.
 30464 | Depths:2 | Gained mutation: You occasionally lose the ability to drink
                  | potions when taking damage. [a neqoxec]
 30470 | Depths:2 | Gained mutation: You do not regenerate when monsters are
                  | visible. [a neqoxec]
 30479 | Depths:2 | Found a one-way gate leading to the halls of Pandemonium.
 30557 | Depths:2 | Found Zuryppoo's Antique Weapon Shoppe.
 31198 | Depths:2 | Noticed a lich
 31208 | Depths:2 | Noticed a lich
 31213 | Depths:2 | Killed a lich
 31214 | Depths:2 | Killed a lich
 31324 | Depths:2 | Noticed a lich
 31340 | Depths:2 | Killed a lich
 31343 | Depths:2 | HP: 9/180 [poisoned by a reaper]
 31348 | Depths:2 | HP: 7/180 [poisoned by a reaper]
 31653 | Spider:1 | Entered Level 1 of the Spider Nest
 31764 | Lair:2   | Lost mutation: You occasionally lose the ability to drink
                  | potions when taking damage. [potion of mutation]
 31764 | Lair:2   | Lost mutation: You do not regenerate when monsters are
                  | visible. [potion of mutation]
 31764 | Lair:2   | Gained mutation: You sometimes lose your temper in combat.
                  | [potion of mutation]
 31764 | Lair:2   | Gained mutation: You are partially covered in iridescent
                  | scales. (AC +2) [potion of mutation]
 31764 | Lair:2   | Lost mutation: You sometimes lose your temper in combat.
                  | [potion of mutation]
 32296 | Spider:1 | Reached XP level 19. HP: 167/189 MP: 25/25
 32620 | D:10     | You paid a toll of a +5 demon whip to enter a treasure
                  | trove
 32621 | Trove    | Entered a treasure trove
 32630 | Trove    | Got Sif Muna's Secrets of Adjuration and Imprecation
 32680 | Trove    | Got Sif Muna's Parchment of Lithic Mortification
 33087 | Spider:2 | Noticed Arachne
 33103 | Spider:2 | Killed Arachne
 33355 | Spider:2 | Identified the +4 scale mail of Gikhlus {Dex+6}
 34165 | Spider:3 | Found a frozen archway.
 34173 | IceCv    | Entered an ice cave
 34335 | IceCv    | Identified the +8 quarterstaff of the Original Sin
                  | {protect, rPois Int+5}
 34682 | IceCv    | Identified the +2 ice dragon scales of the Snail {Harm rF-
                  | rC++ rCorr Str-2}
 35195 | Spider:3 | Noticed Donald
 35199 | Spider:3 | Killed Donald
 35295 | Spider:3 | Identified Roxanne's Handbook of Forms
 35295 | Spider:3 | Noticed Roxanne
 35303 | Spider:3 | Killed Roxanne
 35760 | Spider:4 | Entered Level 4 of the Spider Nest
 36173 | Spider:4 | Reached skill level 5 in Dodging
 36554 | Spider:4 | Got a gossamer rune of Zot
 36963 | Swamp:1  | Entered Level 1 of the Swamp
 37037 | Swamp:1  | Noticed Aizul
 37044 | Swamp:1  | Killed Aizul
 37080 | Swamp:1  | Reached XP level 20. HP: 186/202 MP: 27/27
 37406 | Swamp:2  | Found Fovvaj's Island Escapes.
 38012 | Swamp:3  | Identified the +0 plate armour of Absence {rF+ rC+ Str+4}
 38412 | Swamp:4  | Entered Level 4 of the Swamp
 39032 | Swamp:4  | Found an ancient bone altar of Kikubaaqudgha.
 39207 | Swamp:4  | Got a decaying rune of Zot
 39496 | Vaults:1 | Entered Level 1 of the Vaults
 39875 | Vaults:1 | Identified the +1 helmet of Proximity {Fly Regen+ Slay+2}
 40344 | Vaults:1 | Reached XP level 21. HP: 208/215 MP: 28/28
 41212 | Vaults:2 | Reached skill level 1 in Spellcasting
 41293 | Vaults:2 | Noticed a dread lich
 41300 | Vaults:2 | Killed a dread lich
 41412 | Vaults:2 | Identified the +5 scale mail "Fojusk" {Dex+5}
 43101 | Vaults:3 | Found a staircase to the Crypt.
 43101 | Vaults:3 | Found an ancient bone altar of Kikubaaqudgha.
 43102 | Vaults:3 | Found a basalt altar of Yredelemnul.
 43277 | Vaults:3 | Reached XP level 22. HP: 229/229 MP: 29/29
 43598 | Vaults:4 | Acquired the +0 mask of the Dragon {Will+ Slay+3 SInv}
 43598 | Vaults:4 | Found the +0 mask of the Dragon {Will+ Slay+3 SInv}
 44509 | Vaults:4 | Noticed Saint Roka
 44515 | Vaults:4 | Killed Saint Roka
 44855 | Depths:1 | Identified the ring of Niatyefe {rCorr Int+5}
 44860 | Depths:1 | Identified the ring of Aptugitu {Will+ EV+4 Str+2 Int-4}
 44874 | Depths:1 | Identified the amulet of Finality {Acrobat rN+ Dex+4
                  | Stlth-}
 45018 | Depths:2 | Reached skill level 27 in Fighting
 45021 | Depths:2 | Learned a level 2 spell: Passwall
 45166 | Depths:3 | Reached skill level 1 in Transmutations
 45166 | Depths:3 | Reached skill level 1 in Earth Magic
 45421 | Depths:3 | Noticed a golden dragon
 45432 | Depths:3 | Killed a golden dragon
 46651 | Depths:4 | Entered Level 4 of the Depths
 46886 | Depths:4 | Noticed a golden dragon
 46890 | Depths:4 | Killed a golden dragon
 46891 | Depths:4 | Reached XP level 23. HP: 240/240 MP: 30/30
 46983 | Depths:4 | Found a one-way gateway to a ziggurat.
 46985 | Depths:4 | Identified the +7 mace "Putaedix" {vamp, rPois rF- rN+++
                  | rCorr}
 47233 | Depths:4 | Found a gate to the Realm of Zot.
 47740 | Depths:4 | Reached skill level 27 in Ranged Weapons
 48080 | Crypt:1  | Entered Level 1 of the Crypt
 48324 | Crypt:1  | Identified the +5 glaive of Responsibility {vorpal, Dex+6
                  | Stlth-}
 49240 | Crypt:2  | Reached skill level 10 in Dodging
 49243 | Crypt:2  | Found a large runed translucent door.
 49243 | Crypt:2  | Found a large runed translucent door.
 49245 | Crypt:2  | Noticed Hali's ghost (veteran FoFi)
 49638 | Crypt:2  | Killed Hali's ghost
 49793 | Crypt:3  | Entered Level 3 of the Crypt
 49889 | Crypt:3  | Noticed Vv
 49907 | Crypt:3  | Killed Vv
 50178 | Crypt:3  | Found a basalt altar of Yredelemnul.
 50447 | Crypt:3  | Noticed Xtahua
 50453 | Crypt:3  | Killed Xtahua
 50743 | Crypt:3  | Noticed Jory
 50761 | Crypt:3  | Killed Jory
 50762 | Crypt:3  | Reached XP level 24. HP: 230/249 MP: 30/30
 50798 | Crypt:3  | Learned a level 2 spell: Wereblood
 50804 | Crypt:3  | Found a staircase to the Tomb.
 50828 | Crypt:3  | Identified the amulet of Peutzasy {Spirit rC+}
 51196 | Crypt:3  | Upgraded the game from 0.30-a0-272-gf98c3da03f to
                  | 0.30-a0-279-g4b46babb21
 51234 | Tomb:1   | Entered Level 1 of the Tomb of the Ancients
 51637 | Tomb:1   | Acquired the ring of Otaoxiebb {Will+ Dex+2}
 51783 | Tomb:1   | Noticed a royal mummy
 51795 | Tomb:1   | Noticed a royal mummy
 51929 | Tomb:1   | Killed a royal mummy
 51930 | Tomb:1   | Reached skill level 5 in Transmutations
 52117 | Tomb:1   | Killed a royal mummy
 52639 | Tomb:1   | Reached skill level 5 in Spellcasting
 53793 | Slime:1  | Entered Level 1 of the Pits of Slime
 53795 | Slime:1  | Found a viscous altar of Jiyva.
 56229 | Slime:5  | Entered Level 5 of the Pits of Slime
 56247 | Slime:5  | Noticed the Royal Jelly
 56322 | Slime:5  | Killed the Royal Jelly
 57113 | Slime:5  | Identified the +1 robe of Day {Will- Str+3 Int+4 Stlth+}
 57115 | Slime:5  | Identified the +7 scimitar of Ceputoaw {speed, Int+5}
 57155 | Slime:5  | Got a slimy rune of Zot
 57157 | Slime:5  | Got the Directory of the Sturgeon
 58181 | Zot:1    | Entered Level 1 of the Realm of Zot
 58196 | Zot:1    | Reached XP level 25. HP: 214/257 MP: 31/31
 58287 | Zot:1    | Reached skill level 27 in Armour
 59474 | Zot:2    | Noticed an orb of fire
 59489 | Zot:1    | Gained mutation: Your body sometimes deteriorates upon
                  | taking damage. [an orb of fire]
 59493 | Zot:1    | Killed an orb of fire
 61312 | Zot:3    | Noticed an orb of fire
 61328 | Zot:3    | Killed an orb of fire
 62545 | Zot:4    | Acquired the +2 pair of boots "Hirchoi" {Will++ Regen+
                  | Int+2}
 63600 | Zot:5    | Entered Level 5 of the Realm of Zot
 63692 | Zot:5    | Noticed a dread lich
 63699 | Zot:5    | Killed a dread lich
 63700 | Zot:5    | Reached XP level 26. HP: 266/266 MP: 34/34
 64094 | Zot:5    | Noticed an orb of fire
 64099 | Zot:5    | Gained mutation: Your magical capacity is low. (-10% MP)
                  | [an orb of fire]
 64099 | Zot:5    | Gained mutation: Your body often deteriorates upon taking
                  | damage. [an orb of fire]
 64101 | Zot:5    | Gained mutation: Your magical capacity is very low. (-20%
                  | MP) [an orb of fire]
 64107 | Zot:5    | Killed an orb of fire
 64113 | Zot:5    | Noticed an orb of fire
 64114 | Zot:5    | Gained mutation: You are weak. (Str -2) [mutagenic glow]
 64118 | Zot:5    | Noticed an orb of fire
 64118 | Zot:5    | Noticed an orb of fire
 64119 | Zot:5    | Noticed an orb of fire
 64120 | Zot:5    | HP: 5/266 [orb of fire/fireball (18)]
 64127 | Zot:4    | Gained mutation: Armour fits poorly on your strangely
                  | shaped body. [mutagenic glow]
 64134 | Zot:4    | Gained mutation: Your spells are a little easier to cast,
                  | but a little less powerful. [mutagenic glow]
 64151 | Zot:4    | Gained mutation: You are frail. (-10% HP) [mutagenic glow]
 64744 | Swamp:2  | Lost mutation: Your body often deteriorates upon taking
                  | damage. [potion of mutation]
 64744 | Swamp:2  | Lost mutation: Your magical capacity is very low. (-20% MP)
                  | [potion of mutation]
 64744 | Swamp:2  | Lost mutation: You are weak. (Str -2) [potion of mutation]
 64744 | Swamp:2  | Gained mutation: You have hidden genetic defects. [potion
                  | of mutation]
 64744 | Swamp:2  | Gained mutation: Your body often deteriorates upon taking
                  | damage. [potion of mutation]
 64744 | Swamp:2  | Gained mutation: You expend magic power (3 MP) to
                  | strengthen your wands. [potion of mutation]
 64745 | Swamp:2  | Lost mutation: Your spells are a little easier to cast, but
                  | a little less powerful. [potion of mutation]
 64745 | Swamp:2  | Lost mutation: You are partially covered in iridescent
                  | scales. (AC +2) [potion of mutation]
 64745 | Swamp:2  | Gained mutation: Your mind is acute. (Int +4, Str/Dex -1)
                  | [potion of mutation]
 64745 | Swamp:2  | Gained mutation: You have very sharp teeth. [potion of
                  | mutation]
 64886 | D:9      | Lost mutation: You expend magic power (3 MP) to strengthen
                  | your wands. [potion of mutation]
 64886 | D:9      | Lost mutation: You have very sharp teeth. [potion of
                  | mutation]
 64886 | D:9      | Lost mutation: Armour fits poorly on your strangely shaped
                  | body. [potion of mutation]
 65011 | D:5      | Lost mutation: Your magical capacity is low. (-10% MP)
                  | [potion of mutation]
 65011 | D:5      | Lost mutation: You have hidden genetic defects. [potion of
                  | mutation]
 65011 | D:5      | Lost mutation: You are frail. (-10% HP) [potion of
                  | mutation]
 65011 | D:5      | Gained mutation: You occasionally shout uncontrollably at
                  | your foes. [potion of mutation]
 65011 | D:5      | Gained mutation: Armour fits poorly on your strangely
                  | shaped body. [potion of mutation]
 65011 | D:5      | Gained mutation: Your flesh is heat resistant. (rF+)
                  | [potion of mutation]
 65012 | D:5      | Lost mutation: Armour fits poorly on your strangely shaped
                  | body. [potion of mutation]
 65012 | D:5      | Lost mutation: Your flesh is heat resistant. (rF+) [potion
                  | of mutation]
 65012 | D:5      | Lost mutation: Your mind is acute. (Int +4, Str/Dex -1)
                  | [potion of mutation]
 65012 | D:5      | Gained mutation: You are weak. (Str -2) [potion of
                  | mutation]
 65012 | D:5      | Gained mutation: You are agile. (Dex +4, Str/Int -1)
                  | [potion of mutation]
 65567 | Vaults:5 | Entered Level 5 of the Vaults
 66354 | Vaults:5 | Reached skill level 10 in Transmutations
 66636 | Vaults:5 | Noticed a dread lich
 66689 | Vaults:4 | Killed a dread lich
 66752 | Vaults:5 | Reached skill level 15 in Dodging
 66958 | Vaults:5 | Found the +8 storm bow {elec, penet}
 67186 | Vaults:5 | Got a silver rune of Zot
 67437 | Vaults:5 | Identified the +0 plate armour of the Iron Devil {rC+ rN+
                  | Regen+ Str-5 Int+5}
 67605 | Vaults:5 | Found the +2 hood of the Assassin {Detection Stab+ Stlth++}
 67609 | Vaults:5 | Identified the +1 dire flail of Bursted Judgement {freeze,
                  | rElec rCorr Dex+4}
 68291 | Zot:4    | Killed an orb of fire
 68330 | Zot:5    | Noticed a dread lich
 68331 | Zot:5    | Noticed an orb of fire
 68333 | Zot:4    | Gained mutation: Armour fits poorly on your strangely
                  | shaped body. [an orb of fire]
 68334 | Zot:4    | Lost mutation: You are agile. (Dex +4, Str/Int -1) [an orb
                  | of fire]
 68335 | Zot:4    | Lost mutation: Armour fits poorly on your strangely shaped
                  | body. [an orb of fire]
 68337 | Zot:4    | Gained mutation: You are very weak. (Str -4) [an orb of
                  | fire]
 68338 | Zot:4    | Killed an orb of fire
 68339 | Zot:4    | Gained mutation: You occasionally lose the ability to drink
                  | potions when taking damage. [an orb of fire]
 68340 | Zot:4    | Gained mutation: Potions are less effective at restoring
                  | your health. [an orb of fire]
 68344 | Zot:4    | Killed an orb of fire
 68388 | Zot:4    | Killed a dread lich
 68396 | Zot:4    | Killed an orb of fire
 68422 | Zot:4    | Lost mutation: You are very weak. (Str -4) [potion of
                  | mutation]
 68422 | Zot:4    | Lost mutation: You occasionally shout uncontrollably at
                  | your foes. [potion of mutation]
 68422 | Zot:4    | Lost mutation: Potions are less effective at restoring your
                  | health. [potion of mutation]
 68422 | Zot:4    | Gained mutation: You have hidden genetic potential. [potion
                  | of mutation]
 68423 | Zot:4    | Lost mutation: You have hidden genetic potential. [potion
                  | of mutation]
 68423 | Zot:4    | Lost mutation: Your body often deteriorates upon taking
                  | damage. [potion of mutation]
 68423 | Zot:4    | Gained mutation: You are frail. (-10% HP) [potion of
                  | mutation]
 68423 | Zot:4    | Gained mutation: You passively map a small area around you.
                  | [potion of mutation]
 68424 | Zot:4    | Lost mutation: You are frail. (-10% HP) [potion of
                  | mutation]
 68424 | Zot:4    | Lost mutation: Your body sometimes deteriorates upon taking
                  | damage. [potion of mutation]
 68424 | Zot:4    | Lost mutation: You are weak. (Str -2) [potion of mutation]
 68424 | Zot:4    | Lost mutation: You occasionally lose the ability to drink
                  | potions when taking damage. [potion of mutation]
 68424 | Zot:4    | Gained mutation: Potions are less effective at restoring
                  | your health. [potion of mutation]
 68424 | Zot:4    | Gained mutation: You possess an exceptional clarity of
                  | mind. [potion of mutation]
 68449 | Zot:5    | Gained mutation: You occasionally lose the ability to read
                  | scrolls when taking damage. [an orb of fire]
 68452 | Zot:5    | Gained mutation: You are frail. (-10% HP) [an orb of fire]
 68460 | Zot:5    | Lost mutation: You possess an exceptional clarity of mind.
                  | [an orb of fire]
 68463 | Zot:5    | Killed an orb of fire
 68617 | Zot:5    | Reached XP level 27. HP: 227/245 MP: 34/34
 68701 | Zot:5    | Noticed an ancient lich
 68713 | Zot:5    | Killed an ancient lich
 69150 | Zot:5    | Got the Orb of Zot
 69629 | D:9      | Noticed Rynao the pandemonium lord
 69643 | D:8      | Killed Rynao the pandemonium lord
 69902 | D:$      | Escaped with the Orb!

Illustrated notes

Levels and vault maps discovered:
D:1:      dpeg_arrival_arbitrary_a, layout_basic, minmay_misc_feat_ornament,
          minmay_cupped
D:2:      layout_loops_ring, ebering_ecumenical_altar_sacrificial
D:3:      minmay_bubble_buster, layout_basic, marbit_many_paths,
          minmay_hedge_maze
D:4:      layout_loops_cross, good_gods_mini_temple
D:5:      layout_loops_ring, uniq_duvessa, uniq_prince_ribbit1
D:6:      old_forge, layout_loops_ring, minmay_temple_entry_waves, serial_shops,
          nicolae_shop_hallway_plus
D:7:      layout_basic, vehumet_statue, serial_shops, nicolae_shop_crystal
D:8:      layout_loops_ring, nicolae_sif_muna_little_library, enter_bailey_5,
          uniq_joseph, uniq_erica
D:9:      layout_cave_pods, nicolae_dithmenos_through_a_glass_darkly,
          overflow_temple_1_default, uniq_harold
D:10:     layout_irregular_city, pf_just_have_faith, minitemple, orc_0_dummy,
          serial_shops, nicolae_shop_trees, enter_trove_2
D:11:     layout_rooms, erik_lair_orcish_takeover
D:12:     layout_irregular_city, uniq_josephine
D:13:     layout_long_grid, serial_bayou, serial_bayou_pond_d,
          serial_bayou_crossing, serial_bayou_lagoon_a, serial_bayou_ford_a,
          nicolae_elyvilon_temple_path, uniq_erolcha
D:14:     layout_basic, grunt_vaults_entry_tiered, lemuel_flamethrower_3
D:15:     hangedman_depths_entry_try_elsewhere_first, layout_long_grid,
          nicolae_concentric_dashed_squares_wild
Temple:   nicolae_temple_ecumenical_triangle
Lair:1:   layout_misc_corridors
Lair:2:   layout_chaotic_city, palyth_hydra_swamp_entry,
          nicolae_spider_entry_orb_guardian, ebering_ghost_funeral_grove,
          serial_bayou_shore_b, grunt_megastairs_5, infiniplex_staircase_pool,
          uniq_maggie
Lair:3:   layout_layer_cave
Lair:4:   layout_cave_shapes, slime_entry_2, lemuel_old_faithful, uniq_sonja
Lair:5:   minmay_lair_end_enchanted_forest, layout_misc_corridors, ice2_lemuel,
          lemuel_fruit_tree
Swamp:1:  layout_falls_marsh, evilmike_swamp_ruin_house_6, swamp_pool2,
          uniq_aizul
Swamp:2:  layout_basic_swamp, evilmike_swamp_ruin_rubble_1, swamp_pool1,
          nicolae_island_escapes
Swamp:3:  layout_falls_marsh, serial_swamp_ruin, evilmike_swamp_ruin_wall,
          evilmike_swamp_ruin_house_4, evilmike_swamp_ruin_house_2
Swamp:4:  nzn_swamp_witches_coven, layout_basic_swamp, swamp_pool1,
          grunt_ruined_hall
Spider:1: spiders_nest_a
Spider:2: layout_chambers, nicolae_spider_twisty_arc_passages, uniq_arachne
Spider:3: layout_cave_pods, portal_ice_cave_entry_pillars_2,
          nicolae_spider_cling_halls, uniq_roxanne, uniq_donald
Spider:4: hellmonk_spider_rune_endless_swarm
Slime:1:  layout_caves, basic_altar
Slime:2:  layout_caves
Slime:3:  layout_caves
Slime:4:  layout_caves
Slime:5
Orc:1:    layout_diamond_mine
Orc:2:    grunt_orc_gardens, layout_caves, grunt_orc_garden, grunt_orc_garden,
          grunt_orc_garden, grunt_orc_garden, special_room, uniq_azrael
Elf:1:    elf_arrival_001, layout_geoelf_octagon, minivault_28, drop_trap,
          nicolae_elf_big_sculpture_1, uniq_asterion, uniq_zenata
Elf:2:    elven_hall_of_blades_hangedman_alternative
          [nooodl_blade_entry_preview], layout_geoelf_octagon,
          serial_corexii_hall, corexii_hall_statues_t,
          chequers_hall_statues_corner_a, grunt_ministairs_2,
          nicolae_shop_clearance
Elf:3:    elf_hall, layout_rooms, grunt_megastairs_4
Vaults:1: nicolae_vaults_disjoint_gnomons, vaults_dpeg_ring,
          nicolae_vaults_hallways_thing, v_rooms_4, v_misc_19, v_pattern_3,
          nicolae_vaults_alarming, hangedman_vaults_trim,
          hangedman_vaults_slice, nicolae_vaults_shelves_hall,
          st_quartered_hall, layout_vaults_maze_snakey
Vaults:2: nicolae_vaults_specimen_jars, nicolae_vaults_disjoint_gnomons,
          grunt_vaults_hallway_long, v_misc_27, hangedman_vaults_stagger,
          vaults_mumra_chevron_long, st_check, ontoclasm_vaults_twist,
          hangedman_vaults_snaps, ontoclasm_vaults_ring_small,
          nicolae_vaults_shelves_hall, v_misc_9, layout_vaults_ring
Vaults:3: ontoclasm_vaults_decontamination, dpeg_vaults_monster_row,
          vaults_standard_mumra_lines, vaults_room_semicircle,
          minmay_crypt_entry_necro_gods, v_rooms_2, ontoclasm_vaults_ring_large,
          nicolae_vaults_ninety_degrees, grunt_vaults_bifocal, v_rooms_5,
          v_alt_pattern_2, layout_vaults_omnibox
Vaults:4: nicolae_vaults_disjoint_gnomons, nicolae_vaults_shelves_hall,
          vaults_room_door_hall, vaults_room_grunt_arrival_checkpoint,
          ontoclasm_vaults_spin, hangedman_vaults_nails,
          vaults_dpeg_encased_lava, hangedman_vaults_cutoff,
          nicolae_vaults_diagonal_hallway_8, layout_vaults_omnicross,
          uniq_saint_roka
Vaults:5: serial_shops
Crypt:1:  layout_rooms, corexii_hall_statues_x
Crypt:2:  layout_regular_city, ebering_ghost_disaster_area, uniq_josephina
Crypt:3:  grunt_crypt_end_deaths_head, uniq_xtahua, uniq_jory, uniq_margery,
          uniq_vv
Tomb:1
Depths:1: gammafunk_its_a_trap, layout_cave_shapes, minmay_misc_feat_nine_boxes,
          grunt_hell_entry_dis_mu, serial_shops, nicolae_shop_hallway_plus,
          abyss_entry, minmay_misc_feat_cross, st_stairs_7,
          nicolae_ru_awakened_eye
Depths:2: cheibrodos_poisonous_passages, layout_basic, serial_shops, shop,
          hangedman_abyss_or_decor_passed, grunt_mini_vestibule,
          rand_demon_pan_entry_4, minivault_16, st_stairs_14,
          chequers_serial_rivers_large_b
Depths:3: dreamdust_tengu_aerie, layout_gridville, hellmouth_3,
          hangedman_abyss_entry_splay, solitary_fountain,
          infiniplex_staircase_zigzag_4
Depths:4: grunt_twist_and_shout, layout_basic, enter_ziggurat_d,
          grunt_pan_entry_sceptre, hell_entry
Zot:1:    layout_gridville, grunt_megastairs_1
Zot:2:    layout_concentric_octagons, grunt_megastairs_2
Zot:3:    layout_concentric_octagons
Zot:4:    layout_cathedral_of_symmetry
Zot:5:    layout_cathedral_of_symmetry

Skill      XL: |  1  2  3  4  5  6  7  8  9 10 11 12 13 14 15 16 17 18 19 20 21 22 23 24 25 26 27 |
---------------+----------------------------------------------------------------------------------+-----
Armour         | 1 2 3 4 5 6 7 10 11 12 13 15 16 18 20 23 26 27 | 27.0
Fighting       | 3 4 5 6 7 8 12 13 15 17 19 20 21 22 24 26 27 | 27.0
Axes           | 1 |  1.0
Ranged Weapons | 5 6 7 8 10 11 12 13 14 15 17 19 21 22 24 25 26 27 | 27.0
Short Blades   | 1 3 |  3.0
Evocations     | 1 2 3 4 5 7 |  7.0
Long Blades    | 2 5 8 9 11 12 14 15 16 18 21 22 | 22.2
Invocations    | 2 3 4 5 7 8 10 11 12 | 12.0
Throwing       | 1 |  1.0
Dodging        | 4 6 7 10 12 16 17 | 17.9
Spellcasting   | 2 4 6 8 |  8.0
Transmutations | 3 4 6 8 10 | 10.7
Earth Magic    | 3 4 |  4.0
Stealth        | |  0.7

Action                   |  1- 3 |  4- 6 |  7- 9 | 10-12 | 13-15 | 16-18 | 19-21 | 22-24 | 25-27 || total
-------------------------+-------+-------+-------+-------+-------+-------+-------+-------+-------++-------
Melee: Double sword      |       |       |     7 |    29 |   106 |   394 |   242 |   325 |   342 ||  1445
       Headbutt          |       |       |     3 |     4 |    27 |   113 |    82 |   102 |   127 ||   458
       Scimitar          |       |       |       |       |     2 |       |       |       |       ||     2
       Punch             |       |       |       |       |     1 |     9 |     8 |     3 |     7 ||    28
 Fire: Shortbow          |   101 |   136 |   350 |   599 |  1227 |   307 |       |       |       ||  2720
       Longbow           |       |       |       |       |       |   509 |  1494 |  1503 |   851 ||  4357
Throw: Dart              |       |       |       |       |     1 |       |       |       |       ||     1
 Cast: Wereblood         |       |       |       |       |       |       |       |       |    44 ||    44
Invok: Upheaval          |       |       |       |       |       |     1 |       |       |       ||     1
       Elemental Force   |       |       |       |       |       |     1 |       |       |       ||     1
Evoke: Wand              |       |       |     6 |    10 |    22 |     3 |     3 |     2 |     1 ||    47
       Phantom mirror    |       |       |       |       |     2 |     2 |       |       |       ||     4
       Tin of tremorston |       |       |       |       |       |     1 |       |     1 |     2 ||     4
  Use: Scroll            |       |       |    13 |     8 |    16 |     6 |    13 |     7 |     5 ||    68
       Potion            |       |       |     1 |     3 |     3 |    14 |       |     2 |    13 ||    36
 Stab: Invisible         |       |       |       |       |       |     3 |       |       |       ||     3
       Distracted        |       |       |       |       |       |       |     1 |       |       ||     1
Armor: Scale mail        |    31 |       |     9 |       |       |       |       |       |       ||    40
       Chain mail        |       |    50 |    73 |       |   124 |   179 |       |       |       ||   426
       Steam dragon scal |       |       |    33 |    42 |       |       |       |       |       ||    75
       Troll leather arm |       |       |       |    45 |    49 |    18 |       |       |       ||   112
       Leather armour    |       |       |       |    18 |       |       |       |       |       ||    18
       Swamp dragon scal |       |       |       |       |   201 |       |       |       |       ||   201
       Shadow dragon sca |       |       |       |       |       |   220 |   376 |   426 |   320 ||  1342
       Robe              |       |       |       |       |       |       |     6 |       |       ||     6
Dodge: Dodged            |    47 |    22 |   110 |   148 |   378 |   218 |   330 |   570 |   495 ||  2318
       Repelled          |       |       |       |     1 |    11 |    15 |    11 |    18 |    29 ||    85
Block: Other             |       |       |     6 |    38 |   262 |   222 |   226 |   270 |   171 ||  1195

Table legend: (Time is in decaauts)
 A = Elapsed time spent in this place.
 B = Non-inter-level travel time spent in this place.
 C = Inter-level travel time spent in this place.
 D = Time resting spent in this place.
 E = Time spent auto-exploring this place.
 F = Levels seen in this place.
 G = Mean time per level.
                   A        B        C        D        E       F      G
               +--------+--------+--------+--------+--------+-----+--------+
         Total |  68841 |  60469 |   8372 |   8780 |  36069 |  62 | 1110.3 |
       Dungeon |  16567 |  13969 |   2598 |   1123 |   9896 |  15 | 1104.5 |
        Temple |     45 |     37 |      8 |      0 |     30 |   1 |   45.0 |
          Lair |   6910 |   5908 |   1002 |    994 |   3657 |   5 | 1382.0 |
         Swamp |   2469 |   2172 |    297 |     95 |   1569 |   4 |  617.2 |
   Spider Nest |   4152 |   3807 |    345 |    226 |   2614 |   4 | 1038.0 |
    Slime Pits |   3495 |   3014 |    481 |    521 |   1904 |   5 |  699.0 |
  Orcish Mines |   2293 |   2113 |    180 |    824 |    650 |   2 | 1146.5 |
   Elven Halls |   5602 |   4909 |    693 |   1082 |   1642 |   3 | 1867.3 |
        Vaults |   8072 |   6746 |   1326 |    643 |   4394 |   5 | 1614.4 |
         Crypt |   3285 |   3082 |    203 |    215 |   2129 |   3 | 1095.0 |
          Tomb |   1338 |   1197 |    141 |    346 |    385 |   1 | 1338.0 |
        Depths |   5440 |   4814 |    626 |    887 |   2717 |   4 | 1360.0 |
           Zot |   7054 |   6585 |    469 |   1371 |   3919 |   5 | 1410.8 |
         Abyss |    338 |    338 |      0 |     74 |      0 |   2 |  169.0 |
         Trove |     71 |     71 |      0 |      0 |      0 |   1 |   71.0 |
        Bailey |   1129 |   1129 |      0 |    359 |    251 |   1 | 1129.0 |
      Ice Cave |    573 |    573 |      0 |     16 |    310 |   1 |  573.0 |
               +--------+--------+--------+--------+--------+-----+--------+

Top non-repeatable levels by time:
Vaults:4: 2286 daAuts
   Elf:2: 2260 daAuts
   Elf:3: 2083 daAuts
   Zot:4: 1958 daAuts
   Zot:1: 1767 daAuts
     D:7: 1631 daAuts
 Crypt:3: 1613 daAuts
  Lair:5: 1610 daAuts
Vaults:1: 1602 daAuts
Depths:2: 1580 daAuts
  Lair:2: 1527 daAuts
Vaults:2: 1512 daAuts
Vaults:3: 1501 daAuts
   Orc:1: 1415 daAuts
  Lair:1: 1382 daAuts
